 Dungeon Sprint DCSS version 0.30-a0-371-gad7725a93e (webtiles) character file.

Game seed: 8945194400161094295

13812 rocky1 the Warmonger (level 12, -10/154 HPs)
             Began as a Gnoll Warper on Nov 23, 2022.
             Was a High Priest of Okawaru.
             Mangled by an alligator (13 damage)
             ... in the Dungeon (Sprint VII: "The Pits").
             The game lasted 00:18:54 (3874 turns).

rocky1 the Warmonger (Gnoll Warper)                 Turns: 3874, Time: 00:18:56

Health: -10/154    AC: 18    Str: 17    XL:     12   Next: 9%
Magic:  0/28       EV: 17    Int: 14    God:    Okawaru [*****.]
Gold:   24         SH:  0    Dex: 14    Spells: 21/36 levels left

rFire   + . .      SeeInvis .    v - +2 halberd "Qosoa" {flame, Fragile rF+ Dex+2}
rCold   . . .      Faith    .    (shield currently unavailable)
rNeg    . . .      Spirit   .    y - +4 scale mail
rPois   +          Reflect  .    x - +0 helmet
rElec   .          Harm     .    (no cloak)
rCorr   .          Rampage  .    w - +0 pair of gloves
Will    .....      NoTele   +    (no boots)
Stlth   ..........               (no amulet)
HPRegen 0.45/turn                r - +3 ring of strength
MPRegen 0.21/turn                M - ring of poison resistance

@: berserking (expiring), lethally poisoned (-10 -> -16), heroic, very quick
A: fangs 1, strong nose, distributed training
a: Renounce Religion, Heroism, Finesse


You were in the Dungeon.
You worshipped Okawaru.
Okawaru was extremely pleased with you.
You visited 1 branch You collected 24 gold pieces.

Inventory:

Hand Weapons
 v - the +2 halberd "Qosoa" (weapon) {flame, Fragile rF+ Dex+2}
   (You found it in the Dungeon)

   It burns those it strikes, dealing additional fire damage.
   Big, fiery blades are also staple armaments of hydra-hunters.
   Dex:       It affects your dexterity (+2).
   rF:        It protects you from fire.
   Fragile:   It will be destroyed if unequipped.
 z - a +1 broad axe of freezing
 A - a +2 scimitar of holy wrath
 B - a +4 quarterstaff of speed
 C - a +2 vorpal dire flail
 P - the +8 hand axe of Perfectionism {pain, rF- rC+ Dex+2}
   (You found it in the Dungeon)

   In the hands of one skilled in necromantic magic, it inflicts extra damage on
   living creatures.
   Dex:       It affects your dexterity (+2).
   rF:        It makes you vulnerable to fire.
   rC:        It protects you from cold.
Missiles
 d - 7 boomerangs of dispersal
 f - 2 silver javelins (quivered)
 p - a curare-tipped dart
 E - 6 javelins
Armour
 b - a +0 leather armour
 c - the +1 robe of the Gravedigger {+Blink rN+++ Dex-5 SInv}
   (Okawaru gifted it to you in the Dungeon)

   Dex:       It affects your dexterity (-5).
   rN:        It renders you almost immune to negative energy.
   SInv:      It lets you see invisible.
   +Blink:    It lets you blink.
 n - a +3 scale mail
 w - a +0 pair of gloves (worn)
 x - a +0 helmet (worn)
 y - a +4 scale mail (worn)
Jewellery
 r - a +3 ring of strength (left hand)
 s - a +3 ring of evasion
 M - a ring of poison resistance (right hand)
 O - a ring of see invisible
Scrolls
 g - 2 scrolls of blinking
 k - 5 scrolls of amnesia
 l - a scroll of summoning
 F - 4 scrolls of fear
 G - 4 scrolls of enchant armour
 I - 2 scrolls of enchant weapon
 K - a scroll of silence
Potions
 e - 4 potions of curing
 h - 4 potions of magic
 i - 2 potions of berserk rage
 j - a potion of invisibility
 t - 2 potions of brilliance
 u - 6 potions of mutation
 H - 6 potions of heal wounds
 J - a potion of resistance
 L - a potion of ambrosia
 N - a potion of haste


   Skills:
 + Level 12.5(17.5) Fighting
 + Level 11.6(16.6) Short Blades
 + Level 11.6(16.6) Long Blades
 + Level 11.6(16.6) Axes
 + Level 11.6(16.6) Maces & Flails
 + Level 12.5(17.5) Polearms
 + Level 11.6(16.6) Staves
 + Level 11.6(16.6) Ranged Weapons
 + Level 11.9(16.9) Throwing
 + Level 11.9(16.9) Armour
 + Level 12.5(17.5) Dodging
 + Level 11.6(16.6) Stealth
 + Level 11.6(16.6) Shields
 + Level 11.6(16.6) Unarmed Combat
 + Level 12.6 Spellcasting
 + Level 9.8 Conjurations
 + Level 9.8 Hexes
 + Level 9.8 Summonings
 + Level 9.8 Necromancy
 + Level 11.2 Translocations
 + Level 9.8 Transmutations
 + Level 9.8 Fire Magic
 + Level 9.8 Ice Magic
 + Level 9.8 Air Magic
 + Level 9.8 Earth Magic
 + Level 9.8 Poison Magic
 + Level 12.6 Invocations
 + Level 11.6 Evocations


You had 21 spell levels left.
You knew the following spells:

 Your Spells              Type           Power      Damage    Failure   Level
a - Blink                 Tloc           80%        N/A       1%          2
b - Vhi's Electric Charg  Tloc/Air       76%        N/A       1%          3
c - Manifold Assault      Tloc           40%        N/A       1%          4
d - Teleport Other        Tloc           40%        N/A       1%          3
e - Lesser Beckoning      Tloc           80%        N/A       1%          3

Your spell library contained the following spells:

 Spells                   Type           Power      Damage    Failure   Level
 Kiss of Death            Conj/Necr      100%       2d13      1%          1
 Anguish                  Hex/Necr       18%        N/A       3%          4
 Summon Small Mammal      Summ           Unusable   N/A       N/A         1
 Simulacrum               Ice/Necr       Unusable   N/A       N/A         6
 Summon Horrible Things   Summ           Unusable   N/A       N/A         8

Dungeon Overview and Level Annotations

Branches:
Dungeon (1/1)

Altars:
Ashenzari
Cheibriados
Dithmenos
Elyvilon
Fedhas
Gozag
Hepliaklqana
Kikubaaqudgha
Makhleb
Nemelex Xobeh
Okawaru
Qazlal
Ru
Sif Muna
Trog
Uskayaw
Vehumet
Wu Jian
Xom
Yredelemnul
Zin
The Shining One
Jiyva
Lugonu


Innate Abilities, Weirdness & Mutations

You have very sharp teeth.
Your uncanny sense of smell can sniff out nearby items.
Your experience applies equally to all skills.


Message History

You hit the green draconian. You burn the green draconian.
The green draconian is severely wounded.
You feel sick.
The hell beast bites you but does no damage.
The hell beast closely misses you.
You barely miss the green draconian.
The green draconian is severely wounded.
You feel sick.
The green draconian hits you but does no damage.
The green draconian tail-slaps you but does no damage.
You barely miss the green draconian. You bite the green draconian.
The green draconian is severely wounded.
You feel sick. The hell beast bites you!!
* * * LOW HITPOINT WARNING * * *
The hell beast tramples you!
* * * LOW HITPOINT WARNING * * *
You stumble backwards!
You barely miss the hell beast.
The hell beast is heavily wounded.
* * * LOW HITPOINT WARNING * * *
You feel sick.
You feel you are being watched by something.
You feel your power leaking away.
The green draconian hits you with a +0 short sword.
* * * LOW HITPOINT WARNING * * *
The green draconian misses you. The hell beast closely misses you.
The hell beast tramples you but does no damage.
You slash the hell beast! You burn the hell beast.
The hell beast is heavily wounded.
* * * LOW HITPOINT WARNING * * *
You feel sick.
Unknown command.
You barely miss the hell beast.
The hell beast is heavily wounded.
* * * LOW HITPOINT WARNING * * *
You feel sick.
The hell beast bites you but does no damage.
The hell beast tramples you but does no damage.
The alligator bites you!
You die...

#.......... ##########..#....#..
........''..........
........''..........
######..##..#....#.. ∆
#..##.......... ∆ #..##..........
∆ ∆ ∆ ∆ ∆#..####''####++ ∆
#..####@'####++######### ∆
#..##td2t..##......)....
##########..##{#s##.##........m..
............##.#G. .##..#########
............## '"=# ##..#∆∆∆ ∆
#''########## #=}+ #m.#∆ ∆ ∆
#''########## +..# #..#∆∆∆ ∆
........##..# ##+# #..# ∆
.#......##..# #..#∆∆∆


You could see a green draconian, a hell beast, 2 alligators, a great orb of eyes
and a wolf spider.

Vanquished Creatures
  2 death cobs (D)
  A fire giant (D)
  A catoblepas (D)
  A death knight (D)
  A rakshasa (D)
  2 deep elf zephyrmancers (D)
  A deep elf pyromancer (D)
  A wolf spider (D)
  A cyclops (D)
  An elephant (D)
  Joseph (D)
  A merfolk siren (D)
  Psyche (D)
  2 efreet (D)
  A komodo dragon (D)
  A hellwing (D)
  A polar bear (D)
  A snapping turtle (D)
  3 blink frogs (D)
  4 dream sheep (D)
  A flying skull (D)
  4 yaks (D)
  A ynoxinul (D)
  A basilisk (D)
  3 vampire mosquitoes (D)
  2 wargs (D)
  A swamp drake (D)
  An orc warrior (D)
  A black bear (D)
  A sky beast (D)
  3 centaurs (D)
  2 kobold brigands (D)
  Blork the orc (D)
  A bullfrog (D)
  A small abomination (D)
  A crimson imp (D)
  A jelly (D)
  3 orc priests (D)
  3 orc wizards (D)
  A gnoll (D)
  2 river rats (D)
  2 adders (D)
  A white imp (D)
  An ufetubus (D)
  An adder zombie (D)
  15 orcs (D)
  A bat (D)
  A bat skeleton (D)
  An endoplasm (D)
  2 giant cockroaches (D)
  3 goblins (D)
  2 hobgoblins (D)
  5 jackals (D)
  2 kobolds (D)
  A rat (D)
101 creatures vanquished.

Vanquished Creatures (others)
  A spriggan berserker (D)
1 creature vanquished.

Grand Total: 102 creatures vanquished

Notes
Turn   | Place    | Note
-------+----------+-------------------------------------------
     0 | D        | rocky1 the Gnoll Warper began the quest for the Orb.
     0 | D        | Reached XP level 1. HP: 20/20 MP: 6/6
    45 | D        | Found a bloodstained altar of Trog.
    45 | D        | Found a shimmering blue altar of Sif Muna.
    45 | D        | Found a viscous altar of Jiyva.
    45 | D        | Found a hazy altar of Hepliaklqana.
    45 | D        | Found an opulent altar of Gozag.
    46 | D        | Found a glowing golden altar of the Shining One.
    46 | D        | Found a glowing silver altar of Zin.
    46 | D        | Found a basalt altar of Yredelemnul.
    46 | D        | Found a shimmering altar of Xom.
    46 | D        | Found an ornate altar of the Wu Jian Council.
    46 | D        | Found a sacrificial altar of Ru.
    46 | D        | Found a stormy altar of Qazlal.
    46 | D        | Found an iron altar of Okawaru.
    46 | D        | Found a sparkling altar of Nemelex Xobeh.
    46 | D        | Found a burning altar of Makhleb.
    46 | D        | Found a blossoming altar of Fedhas.
    46 | D        | Found a white marble altar of Elyvilon.
    46 | D        | Found a shadowy altar of Dithmenos.
    46 | D        | Found a snail-covered altar of Cheibriados.
    49 | D        | Found a corrupted altar of Lugonu.
    49 | D        | Found a radiant altar of Vehumet.
    50 | D        | Found an ancient bone altar of Kikubaaqudgha.
    50 | D        | Found a hide-covered altar of Uskayaw.
    50 | D        | Found a broken altar of Ashenzari.
    54 | D        | Became a worshipper of Warmaster Okawaru
    74 | D        | Reached skill level 5 in Spellcasting
    84 | D        | Reached skill level 1 in Invocations
    92 | D        | Reached skill level 1 in Short Blades
    92 | D        | Reached skill level 1 in Long Blades
    92 | D        | Reached skill level 1 in Axes
    92 | D        | Reached skill level 1 in Maces & Flails
    92 | D        | Reached skill level 1 in Staves
    92 | D        | Reached skill level 1 in Ranged Weapons
    92 | D        | Reached skill level 1 in Stealth
    92 | D        | Reached skill level 1 in Shields
    92 | D        | Reached skill level 1 in Unarmed Combat
    92 | D        | Reached skill level 1 in Conjurations
    92 | D        | Reached skill level 1 in Hexes
    92 | D        | Reached skill level 1 in Summonings
    92 | D        | Reached skill level 1 in Necromancy
    92 | D        | Reached skill level 1 in Transmutations
    92 | D        | Reached skill level 1 in Fire Magic
    92 | D        | Reached skill level 1 in Ice Magic
    92 | D        | Reached skill level 1 in Air Magic
    92 | D        | Reached skill level 1 in Earth Magic
    92 | D        | Reached skill level 1 in Poison Magic
    92 | D        | Reached skill level 1 in Evocations
    92 | D        | Reached XP level 2. HP: 26/26 MP: 8/8
   200 | D        | Noticed a kobold brigand
   214 | D        | Killed a kobold brigand
   215 | D        | Reached skill level 5 in Fighting
   215 | D        | Reached skill level 5 in Polearms
   215 | D        | Reached skill level 5 in Dodging
   215 | D        | Reached XP level 3. HP: 30/33 MP: 10/10
   215 | D        | Reached XP level 4. HP: 36/39 MP: 11/11
   335 | D        | Noticed a centaur
   336 | D        | Noticed a black bear
   343 | D        | Reached * piety under Okawaru
   357 | D        | Killed a centaur
   358 | D        | Reached XP level 5. HP: 26/46 MP: 10/13
   361 | D        | Killed a black bear
   362 | D        | Reached skill level 5 in Throwing
   362 | D        | Reached skill level 5 in Armour
   362 | D        | Reached skill level 5 in Invocations
   362 | D        | Reached XP level 6. HP: 29/53 MP: 10/15
   462 | D        | Noticed a warg
   473 | D        | Killed a warg
   474 | D        | Reached skill level 5 in Short Blades
   474 | D        | Reached skill level 5 in Long Blades
   474 | D        | Reached skill level 5 in Axes
   474 | D        | Reached skill level 5 in Maces & Flails
   474 | D        | Reached skill level 5 in Staves
   474 | D        | Reached skill level 5 in Ranged Weapons
   474 | D        | Reached skill level 5 in Stealth
   474 | D        | Reached skill level 5 in Shields
   474 | D        | Reached skill level 5 in Unarmed Combat
   474 | D        | Reached skill level 5 in Evocations
   476 | D        | Noticed Blork the orc
   484 | D        | Reached ** piety under Okawaru
   485 | D        | Reached XP level 7. HP: 32/60 MP: 16/18
   493 | D        | Killed Blork the orc
   580 | D        | Noticed an elephant
   610 | D        | Killed an elephant
   611 | D        | Reached skill level 5 in Conjurations
   611 | D        | Reached skill level 5 in Hexes
   611 | D        | Reached skill level 5 in Summonings
   611 | D        | Reached skill level 5 in Necromancy
   611 | D        | Reached skill level 5 in Transmutations
   611 | D        | Reached skill level 5 in Fire Magic
   611 | D        | Reached skill level 5 in Ice Magic
   611 | D        | Reached skill level 5 in Air Magic
   611 | D        | Reached skill level 5 in Earth Magic
   611 | D        | Reached skill level 5 in Poison Magic
   611 | D        | Reached XP level 8. HP: 33/68 MP: 20/20
   649 | D        | Got the +2 halberd "Qosoa" {flame, Fragile rF+ Dex+2}
   802 | D        | Learned a level 2 spell: Blink
   806 | D        | Learned a level 3 spell: Vhi's Electric Charge
   811 | D        | Learned a level 4 spell: Manifold Assault
   815 | D        | Learned a level 3 spell: Teleport Other
   819 | D        | Learned a level 3 spell: Lesser Beckoning
   849 | D        | Noticed a deep elf zephyrmancer
   858 | D        | Killed a deep elf zephyrmancer
   858 | D        | Reached *** piety under Okawaru
   859 | D        | Reached XP level 9. HP: 75/75 MP: 19/22
   865 | D        | Received a gift from Okawaru
   920 | D        | Reached **** piety under Okawaru
   968 | D        | Reached ***** piety under Okawaru
   969 | D        | Reached skill level 10 in Spellcasting
  1148 | D        | Noticed a komodo dragon
  1151 | D        | Killed a komodo dragon
  1152 | D        | Reached XP level 10. HP: 80/85 MP: 11/24
  1231 | D        | Reached skill level 10 in Fighting
  1231 | D        | Reached skill level 10 in Polearms
  1231 | D        | Reached skill level 10 in Dodging
  1245 | D        | Noticed a death cob
  1251 | D        | Noticed a cyclops
  1251 | D        | Noticed a deep elf zephyrmancer
  1252 | D        | Noticed a death knight
  1253 | D        | Noticed a rakshasa
  1254 | D        | Killed a deep elf zephyrmancer
  1261 | D        | Killed a cyclops
  1262 | D        | Reached skill level 10 in Invocations
  1280 | D        | Killed a death cob
  1281 | D        | Reached skill level 10 in Throwing
  1281 | D        | Reached skill level 10 in Armour
  1295 | D        | Killed a death knight
  1312 | D        | Killed a rakshasa
  1312 | D        | Received a gift from Okawaru
  1313 | D        | Reached skill level 10 in Short Blades
  1313 | D        | Reached skill level 10 in Long Blades
  1313 | D        | Reached skill level 10 in Axes
  1313 | D        | Reached skill level 10 in Maces & Flails
  1313 | D        | Reached skill level 10 in Staves
  1313 | D        | Reached skill level 10 in Ranged Weapons
  1313 | D        | Reached skill level 10 in Stealth
  1313 | D        | Reached skill level 10 in Shields
  1313 | D        | Reached skill level 10 in Unarmed Combat
  1313 | D        | Reached skill level 10 in Translocations
  1313 | D        | Reached skill level 10 in Evocations
  1313 | D        | Reached XP level 11. HP: 39/93 MP: 23/26
  1706 | D        | Received a gift from Okawaru
  1868 | D        | Noticed Joseph
  1870 | D        | Noticed Psyche
  1885 | D        | Killed Psyche
  1898 | D        | Killed Joseph
  2284 | D        | Reached ****** piety under Okawaru
  2294 | D        | Received a gift from Okawaru
  2356 | D        | Noticed a deep elf pyromancer
  2357 | D        | Noticed a death cob
  2361 | D        | Noticed a catoblepas
  2376 | D        | Killed a death cob
  2376 | D        | Identified the +1 robe of the Gravedigger {+Blink rN+++
                  | Dex-5 SInv} (Okawaru gifted it to you in the Dungeon)
  2376 | D        | Received a gift from Okawaru
  2383 | D        | HP: 3/95 [efreet/bolt of fire (11)]
  2688 | D        | Killed a catoblepas
  2907 | D        | Killed a deep elf pyromancer
  3034 | D        | Got the Codex of Shadows and the Retinue
  3038 | D        | Got the +8 hand axe of Perfectionism {pain, rF- rC+ Dex+2}
  3371 | D        | Noticed a wolf spider
  3392 | D        | Killed a wolf spider
  3545 | D        | Noticed a spriggan berserker
  3553 | D        | Killed a spriggan berserker
  3622 | D        | Noticed an alligator snapping turtle
  3684 | D        | Reached XP level 12. HP: 103/103 MP: 28/28
  3845 | D        | Found the amulet of the Air {Inacc Air Fly rElec RMsl}
  3845 | D        | Found the ring of the Octopus King {Wiz HP+2 AC+2 EV+2
                  | SH+2}
  3845 | D        | Noticed a great orb of eyes
  3845 | D        | Noticed a hell beast
  3845 | D        | Noticed a fire giant
  3845 | D        | Noticed a green draconian
  3845 | D        | Noticed an alligator
  3845 | D        | Noticed an alligator
  3864 | D        | Killed a fire giant
  3871 | D        | HP: 6/154 [hell beast (11)]
  3874 | D        | Mangled by an alligator

Illustrated notes

Levels and vault maps discovered:
D:        pitsprint [storerooms_1, entrance_room_1, metal_vault_6, armoury_3,
          mini_pit_1, grid_room_1, main_hall_1, silver_pit, the_coven_1,
          the_vestibule_1, steel_vault_1, golden_pit, hallway_of_sentries,
          crystal_vault_5, iron_vault_3, final_vault]

Skill      XL: |  1  2  3  4  5  6  7  8  9 10 11 |
---------------+----------------------------------+-----
Spellcasting   | 5 6 7 8 9 10 11 12 | 12.6
Invocations    | 1 3 4 5 6 7 8 9 10 12 | 12.6
Short Blades   | 1 2 3 4 5 6 7 8 10 11 | 11.6
Long Blades    | 1 2 3 4 5 6 7 8 10 11 | 11.6
Axes           | 1 2 3 4 5 6 7 8 10 11 | 11.6
Maces & Flails | 1 2 3 4 5 6 7 8 10 11 | 11.6
Staves         | 1 2 3 4 5 6 7 8 10 11 | 11.6
Ranged Weapons | 1 2 3 4 5 6 7 8 10 11 | 11.6
Stealth        | 1 2 3 4 5 6 7 8 10 11 | 11.6
Shields        | 1 2 3 4 5 6 7 8 10 11 | 11.6
Unarmed Combat | 1 2 3 4 5 6 7 8 10 11 | 11.6
Conjurations   | 1 2 3 4 5 6 7 8 9 |  9.8
Hexes          | 1 2 3 4 5 6 7 8 9 |  9.8
Summonings     | 1 2 3 4 5 6 7 8 9 |  9.8
Necromancy     | 1 2 3 4 5 6 7 8 9 |  9.8
Transmutations | 1 2 3 4 5 6 7 8 9 |  9.8
Fire Magic     | 1 2 3 4 5 6 7 8 9 |  9.8
Ice Magic      | 1 2 3 4 5 6 7 8 9 |  9.8
Air Magic      | 1 2 3 4 5 6 7 8 9 |  9.8
Earth Magic    | 1 2 3 4 5 6 7 8 9 |  9.8
Poison Magic   | 1 2 3 4 5 6 7 8 9 |  9.8
Evocations     | 1 2 3 4 5 6 7 8 10 11 | 11.6
Throwing       | 3 4 5 6 7 9 10 11 | 11.9
Armour         | 3 4 5 6 7 9 10 11 | 11.9
Fighting       | 5 6 7 8 9 11 12 | 12.5
Polearms       | 5 6 7 8 9 11 12 | 12.5
Dodging        | 5 6 7 8 9 11 12 | 12.5
Translocations | 6 7 8 9 10 11 | 11.2

Action                   |  1- 3 |  4- 6 |  7- 9 | 10-12 || total
-------------------------+-------+-------+-------+-------++-------
Melee: Trident           |    33 |    45 |    33 |       ||   111
       Spear             |     2 |       |       |       ||     2
       Bite              |     1 |     8 |    10 |    21 ||    40
       Punch             |       |     2 |     2 |       ||     4
       Halberd           |       |       |    66 |   321 ||   387
Throw: Javelin           |       |       |       |     1 ||     1
 Cast: Manifold Assault  |       |       |     3 |       ||     3
Invok: Heroism           |       |     2 |     3 |     6 ||    11
       Finesse           |       |       |       |     4 ||     4
  Use: Potion            |     2 |       |     3 |    11 ||    16
       Scroll            |       |       |       |     2 ||     2
 Stab: Sleeping          |       |     3 |     2 |     4 ||     9
       Distracted        |       |       |     1 |     2 ||     3
       Invisible         |       |       |       |    10 ||    10
       Petrified         |       |       |       |     4 ||     4
Armor: Leather armour    |     4 |    12 |     7 |       ||    23
       Scale mail        |       |       |    21 |    98 ||   119
       Skin              |       |       |       |    15 ||    15
Dodge: Dodged            |    19 |    45 |    64 |   194 ||   322

Table legend: (Time is in decaauts)
 A = Elapsed time spent in this place.
 B = Non-inter-level travel time spent in this place.
 C = Inter-level travel time spent in this place.
 D = Time resting spent in this place.
 E = Time spent auto-exploring this place.
 F = Levels seen in this place.
 G = Mean time per level.
                   A        B        C        D        E       F      G
               +--------+--------+--------+--------+--------+-----+--------+
         Total |   3773 |   3711 |     62 |   2398 |      0 |   1 | 3773.0 |
       Dungeon |   3773 |   3711 |     62 |   2398 |      0 |   1 | 3773.0 |
               +--------+--------+--------+--------+--------+-----+--------+

Top non-repeatable levels by time:
       D: 3773 daAuts
